 Dungeon Crawl Stone Soup version 0.25.1-2-g60ff931df9 (webtiles) character file.

Game seed: 3054807203168079663

18 Cinatic the Sneak (level 2, 0/13 HPs)
             Began as a Spriggan Enchanter on Oct 18, 2020.
             Succumbed to a hobgoblin's poison
             ... on level 1 of the Dungeon.
             The game lasted 00:08:46 (1171 turns).

Cinatic the Sneak (Spriggan Enchanter)              Turns: 1171, Time: 00:08:47

Health: 0/13       AC:  2    Str:  4    XL:     2   Next: 48%
Magic:  6/6        EV: 18    Int: 16    God:
Gold:   49         SH:  0    Dex: 16    Spells: 5/6 levels left

rFire    . . .     SeeInvis +   a - +1 dagger
rCold    . . .     Gourm    .   (shield restricted)
rNeg     . . .     Faith    .   b - +0 robe
rPois    .         Spirit   .   (helmet restricted)
rElec    .         Reflect  .   (no cloak)
rCorr    .         Harm     .   (gloves unavailable)
MR       .....                  (boots unavailable)
Stlth    +++.......             (no amulet)
HPRegen  0.04/turn              (no ring)
MPRegen  0.10/turn              (no ring)

@: lethally poisoned (0 -> -7), very quick
A: very small, unfitting armour, see invisible, herbivore, speed 3, slow
metabolism 2
a: no special abilities


You were on level 1 of the Dungeon.
You were very full.

You visited 1 branch of the dungeon, and saw 1 of its levels.

You collected 49 gold pieces.

Inventory:

Hand Weapons
 a - a +1 dagger (weapon)
Armour
 b - a +0 robe (worn)


   Skills:
 + Level 0.1 Fighting
 + Level 1.2 Short Blades
 + Level 3.0 Dodging
 + Level 5.0 Stealth
 + Level 2.8 Spellcasting
 + Level 4.1 Hexes


You had 5 spell levels left.
You knew the following spells:

 Your Spells              Type           Power        Failure   Level  Hunger
a - Corona                Hex            ###....      3%          1    #......

Your spell library contained the following spells:

 Spells                   Type           Power        Failure   Level  Hunger
 Confusing Touch          Hex            ###.....     11%         3    ###....
 Tukima's Dance           Hex            ###.....     11%         3    ###....
 Ensorcelled Hibernation  Hex/Ice        #.....       12%         2    ##.....
 Dazzling Flash           Conj/Hex       #.....       24%         3    ###....


Dungeon Overview and Level Annotations

Branches:
Dungeon (1/15)

Altars:


Innate Abilities, Weirdness & Mutations

You are very small and have problems with some larger weapons.
You are too small for most types of armour.
You have supernaturally acute eyesight. (SInv)
You are a herbivore.
You cover ground extremely quickly.
You need to consume almost no food.


Message History

You see here a poisoned dart.
You feel sick.
The hobgoblin throws a poisoned dart.
The poisoned dart misses you.
You see here a poisoned dart.
You eat one of the 2 rations.
That ration really hit the spot!
* * * LOW HITPOINT WARNING * * *
You feel sick.
The hobgoblin throws a poisoned dart.
The poisoned dart closely misses you.
* * * LOW HITPOINT WARNING * * *
You feel sick.
Drop what? 3/52 slots (_ for help) (? for menu, Esc to quit)
Okay, then.
You eat the ration.
That ration really hit the spot!
There is a lethal amount of poison in your body!
There is a lethal amount of poison in your body!
You swing at nothing.
* * * LOW HITPOINT WARNING * * *
You feel sick.
Sorry, you're not good enough to have a special ability.
You die...

#########
#.@.....#
#.#####.#####
#(# #.....# #g#
#####.#
######### #.#
#.### g.K.l...#
#.# #...#
.######g# ##.##
###.# .# #†#
##.>.## #.# .#
#g#####.###.####
#.#


You could see a hobgoblin.

Vanquished Creatures
  2 bats (D:1)
  A giant cockroach (D:1)
  A goblin (D:1)
  3 hobgoblins (D:1)
  5 kobolds (D:1)
  2 frilled lizards (D:1)
  3 rats (D:1)
17 creatures vanquished.

Notes
Turn   | Place    | Note
-------+----------+-------------------------------------------
     0 | D:1      | Cinatic the Spriggan Enchanter began the quest for the Orb.
     0 | D:1      | Reached XP level 1. HP: 9/9 MP: 5/5
   678 | D:1      | Reached XP level 2. HP: 4/13 MP: 4/6
  1146 | D:1      | Reached skill level 5 in Stealth
  1171 | D:1      | Succumbed to a hobgoblin's poison

Illustrated notes

Levels and vault maps discovered:
D:1:      heliophobic_arrival_dark_side_of_the_moon, layout_loops_ring,
          lexackson_kobold_supper

Skill      XL: |  1  2 |
---------------+-------+-----
Hexes          | 4 |  4.1
Stealth        | 5 |  5.0
Fighting       | |  0.1
Short Blades   | |  1.2
Dodging        | |  3.0
Spellcasting   | |  2.8

Action                   || total
-------------------------++-------
Melee: Dagger            ||    77
 Cast: Corona            ||    11
  Use: Scroll            ||     1
 Stab: Sleeping          ||     1
       Distracted        ||     1
  Eat: Ration            ||     3
Armor: Robe              ||     5
Dodge: Dodged            ||    64
